 Dungeon Crawl Stone Soup version 0.31.0-11-ge490571c62 (webtiles) character file.

Game seed: 17575876111939602095

60 Silvore the Trooper (level 3, -1/29 HPs)
             Began as a Demonspawn Fighter on Feb 8, 2024.
             Killed by nerve-wracking pain
             ... invoked by Jessica
              (7 damage)
             ... on level 2 of the Dungeon.
             The game lasted 00:01:17 (1326 turns).

Silvore the Trooper (Demonspawn Fighter)            Turns: 1326, Time: 00:01:19

Health: -1/29      AC:  6    Str: 18    XL:     3   Next: 80%
Magic:  3/3        EV:  8    Int:  8    God:
Gold:   41         SH: 12    Dex: 12    Spells: 2/2 levels left

rFire   . . .        a - +0 long sword
rCold   . . .        h - +0 kite shield
rNeg    . . .        b - +0 scale mail
rPois   .            (no helmet)
rElec   .            (no cloak)
rCorr   .            (no gloves)
SInv    .            (no boots)
Will    .....        (no amulet) Stlth
                     (no ring)
HPRegen 0.24/turn    (no ring)
MPRegen 0.08/turn

%: no passive effects
@: no status effects
A: large bone plates 1, ignite blood 1
a: no special abilities


You were on level 2 of the Dungeon.
You visited 1 branch of the dungeon, and saw 2 of its levels.

You collected 41 gold pieces.

Inventory:

Hand Weapons
 a - a +0 long sword (weapon)
Armour
 b - a +0 scale mail (worn)
 c - a +0 buckler
 h - a +0 kite shield (worn)
Scrolls
 g - a scroll of teleportation
Potions
 d - a potion of might
 e - 2 potions of ambrosia {unknown}
 f - a potion of heal wounds {unknown}


   Skills:
 + Level 3.4 Fighting
 + Level 2.5 Long Blades
 + Level 3.2 Armour
 + Level 0.3 Dodging
 + Level 3.0 Shields


You had 2 spell levels left.
You didn't know any spells.
Your spell library contained the following spells:

 Spells                   Type           Power      Damage    Failure   Level
 Sting                    Conj/Alch      0%         1d3       98%         1
 Mercury Vapours          Alch/Air       0%         N/A       99%         2
 Olgreb's Toxic Radiance  Alch           0%         N/A       100%        4


Dungeon Overview and Level Annotations

Branches:
Dungeon (2/15)

Altars:

Annotations:
D:2 Jessica


Innate Abilities, Weirdness & Mutations

You are partially covered in large bone plates. (SH +4)
Your demonic aura sometimes causes spilled blood to erupt in flames.


Message History

You kill the hobgoblin!
The hobgoblin hits you.
You closely miss the hobgoblin. You block the hobgoblin's attack.
You closely miss the hobgoblin. You block the hobgoblin's attack.
You hit the hobgoblin.
The hobgoblin is severely wounded.
You block the hobgoblin's attack. x2
You hit the hobgoblin but do no damage.
The hobgoblin is heavily wounded.
You block the hobgoblin's attack.
You completely miss the hobgoblin.
The hobgoblin is heavily wounded.
You block the hobgoblin's attack. The hobgoblin completely misses you.
You hit the hobgoblin.
You kill the hobgoblin!
You see here a hobgoblin corpse.
As you open the door, it creaks loudly!
There is an open door here.
Jessica the Apprentice Sorceress comes into view.
She is wielding a +4 dagger of electrocution.
Jessica shouts!
Jessica gestures wildly while chanting.
Jessica seems to speed up.
Jessica is nearby!
Jessica is nearby!
You block Jessica's attack.
You hit Jessica but do no damage.
Jessica hits you with a +4 dagger of electrocution.
Jessica barely misses you.
You barely miss Jessica. You block Jessica's attack. x2
You barely miss Jessica.
Jessica hits you with a +4 dagger of electrocution.
You are electrocuted!
Ouch! That really hurt!
* * * LOW HITPOINT WARNING * * *
Jessica points at you and mumbles some strange words.
You resist with some effort.
You closely miss Jessica. Jessica hits you but does no damage.
Jessica casts a spell at you. Pain shoots through your body!
You die...

#.#
###########
#..
......@@..#
#.#
#########.#
#.# #.# #.#
#.# #.# #.#
#.# ##.##
#.## #...#
#####.<#
#...#
.......#####
#...#


You could see Jessica (fast).

Vanquished Creatures
  Terence (D:2)
  5 ball pythons (D:1)
  An endoplasm (D:1)
  3 goblins (D:1)
  7 hobgoblins
  4 jackals
  3 quokkas
  A bat (D:1)
  A frilled lizard (D:1)
  A kobold (D:1)
  5 rats (D:1)
32 creatures vanquished.

Notes
Turn   | Place    | Note
-------+----------+-------------------------------------------
     0 | D:1      | Silvore the Demonspawn Fighter began the quest for the Orb.
     0 | D:1      | Reached XP level 1. HP: 18/18 MP: 1/1
   261 | D:1      | Gained mutation: Your demonic aura sometimes causes spilled
                  | blood to erupt in flames. [demonic ancestry]
   261 | D:1      | Reached XP level 2. HP: 20/24 MP: 2/2
  1100 | D:2      | Noticed Terence
  1112 | D:2      | Killed Terence
  1113 | D:2      | Gained mutation: You are partially covered in large bone
                  | plates. (SH +4) [demonic ancestry]
  1113 | D:2      | Reached XP level 3. HP: 19/29 MP: 3/3
  1320 | D:2      | Noticed Jessica
  1326 | D:2      | Killed from afar by Jessica

Illustrated notes

Levels and vault maps discovered:
D:1:      dpeg_cavernosity, layout_basic, amcnicky_mini_corridor_feature
D:2:      layout_basic, serial_rivers, chequers_serial_rivers_micro_a,
          chequers_serial_rivers_large_a, chequers_serial_rivers_small_3,
          chequers_serial_rivers_micro_a, chequers_serial_rivers_micro_c,
          chequers_serial_rivers_marsh, serial_bayou_crossing, uniq_sigmund,
          uniq_terence, uniq_jessica

Skill      XL: |  1  2 |
---------------+-------+-----
Armour         | 3 |  3.2
Long Blades    | 2 |  2.5
Shields        | 3 |  3.0
Fighting       | |  3.4
Dodging        | |  0.3

Action                     || total
---------------------------++-------
  Melee: Long sword        ||    93
    Use: Scroll            ||     2
 Armour: Scale mail        ||    55
  Dodge: Dodged            ||    37
  Block: Buckler           ||    30
         Kite shield       ||    13
